 Dungeon Crawl Stone Soup version 0.31-a0-881-ge136f0c47a (webtiles) character file.

Game seed: 9415176281537631164

153218 Spaninq the Destroyer (level 16, -7/122 (135) HPs)
             Began as a Demigod Fire Elementalist on Oct 14, 2023.
             Mangled by a pharaoh ant (10 damage)
             ... on level 1 of the Spider Nest on Oct 15, 2023.
             The game lasted 03:17:21 (41046 turns).

Spaninq the Destroyer (Demigod Fire Elementalist)  Turns: 41046, Time: 03:17:22

HP:   -7/122 (135)  AC: 12    Str: 14    XL:     16   Next: 24%
MP:   27/37         EV:  5    Int: 44    God:
Gold: 420           SH:  0    Dex: 10    Spells: 12/40 levels left

rFire   + . .        B - staff "Hiedweshru" {Fly Int+3 Dex-4 Conj Air}
rCold   . . .        z - +0 buckler
rNeg    . . .        l - +1 ring mail "Capsahi" {rElec rF+ Str+5}
rPois   +            E - +2 hat
rElec   +            O - +1 cloak of Failure {Fly Int+4}
rCorr   .            K - +1 pair of gloves
SInv    .            (no boots)
Will    ++...        i - amulet of reflection
Stlth   +            N - ring of willpower
HPRegen 0.40/turn    P - ring of poison resistance
MPRegen 0.25/turn

%: reflection
@: flying, held, drained
A: high MP 1, forlorn, divine attributes
}: 1/15 runes: decaying
a: no special abilities


You were on level 1 of the Spider Nest.
You visited 5 branches of the dungeon, and saw 26 of its levels.
You also visited: Bailey and Volcano.

You collected 1844 gold pieces.
You spent 1424 gold pieces at shops.

Inventory:

Hand Weapons
 x - a +2 whip of electrocution
 J - a +1 broad axe of flaming
Missiles
 h - 5 throwing nets
Armour
 l - the +1 ring mail "Capsahi" (worn) {rElec rF+ Str+5}
   (You found it on level 3 of the Dungeon)

   Str+5:     It affects your strength (+5).
   rF+:       It protects you from fire.
   rElec:     It insulates you from electricity.
 z - a +0 buckler (worn)
 E - a +2 hat (worn)
 K - a +1 pair of gloves (worn)
 O - the +1 cloak of Failure (worn) {Fly Int+4}
   (You bought it in a shop on level 14 of the Dungeon)

   Int+4:     It affects your intelligence (+4).
   Fly:       It grants you flight.
Magical Staves
 B - the staff "Hiedweshru" (weapon) {Fly Int+3 Dex-4 Conj Air}
   (You acquired it on level 7 of the Dungeon)

   [staff of conjuration]

   Base accuracy: +5 Base damage: 5 Base attack delay: 1.2 This weapon's minimum
   attack delay (0.6) is reached at skill level 12.
   Int+3:     It affects your intelligence (+3).
   Dex-4:     It affects your dexterity (-4).
   Fly:       It grants you flight.
   Conj:      It increases the power of your Conjurations spells.
   Air:       It increases the power of your Air spells.
   It falls into the 'Staves' category.
   It is a one-handed weapon.
Jewellery
 i - an amulet of reflection (around neck)
 n - a ring of ice
 y - a ring of protection from fire
 N - a ring of willpower (left hand)
 P - a ring of poison resistance (right hand)
Wands
 j - a wand of mindburst (30)
 k - a wand of flame (80)
 m - a wand of iceblast (27)
 D - a wand of quicksilver (7)
 R - a wand of polymorph (2)
 S - a wand of digging (10)
 V - a wand of charming (4)
Scrolls
 c - 4 scrolls of enchant armour
 d - a scroll of butterflies
 e - 3 scrolls of poison
 f - 5 scrolls of teleportation
 o - 7 scrolls of fog
 u - 2 scrolls of fear
 v - a scroll of silence
 C - a scroll of amnesia
 G - 2 scrolls of enchant weapon
 L - 2 scrolls of revelation
 M - a scroll of noise {unknown}
 Q - a scroll of blinking
 T - a scroll of brand weapon
 U - a scroll of immolation {unknown}
Potions
 a - 3 potions of might
 b - 5 potions of magic
 g - 14 potions of curing
 p - 8 potions of mutation
 q - 2 potions of invisibility
 r - 4 potions of resistance
 s - a potion of haste
 t - a potion of berserk rage
 w - 6 potions of heal wounds
 A - 5 potions of enlightenment
 F - a potion of cancellation
 H - 2 potions of ambrosia
 I - a potion of brilliance


   Skills:
 + Level 10.5 Fighting
 - Level 1.1 Armour
 - Level 2.3 Dodging
 - Level 1.7 Stealth
 - Level 5.0 Shields
 + Level 12.7 Spellcasting
 + Level 13.9 Conjurations
 - Level 2.0 Hexes
 - Level 7.3 Fire Magic
 - Level 7.0 Ice Magic
 * Level 10.2 Air Magic
 * Level 10.3 Earth Magic


You had 12 spell levels left.
You knew the following spells:

 Your Spells              Type           Power      Damage    Failure   Level
a - Foxfire               Conj/Fire      100%       2x1d9     1%          1
b - Scorch                Fire           100%       2d9       1%          2
c - Slow                  Hex            100%       N/A       1%          1
d - Flame Wave            Conj/Fire      100%       2d21      1%          4
e - Bombard               Conj/Erth      58%        9d10      3%          6
f - Freezing Cloud        Conj/Ice/Air   66%        6-21      1%          5
g - Stone Arrow           Conj/Erth      100%       3d13      1%          3
h - Conjure Ball Lightni  Conj/Air       70%        3x3d26    3%          6

Your spell library contained the following spells:

 Spells                   Type           Power      Damage    Failure   Level
 Sandblast                Erth           100%       2d20      1%          1
 Shock                    Conj/Air       100%       1d9       1%          1
 Cigotuvi's Dreadful Rot  Necr/Pois/Air  100%       N/A       1%          2
 Passwall                 Tmut/Erth      54%        N/A       1%          2
 Inner Flame              Hex/Fire       62%        N/A       1%          3
 Volatile Blastmotes      Fire/Tloc      100%       2d18      1%          3
 Brom's Barrelling Bould  Conj/Erth      100%       2d11      1%          4
 Fulminant Prism          Conj/Hex       49%        3d21      1%          4
 Iskenderun's Mystic Bla  Conj/Tloc      94%        2d18      1%          4
 Fireball                 Conj/Fire      55%        3d21      1%          5
 Iskenderun's Battlesphe  Conj           100%       2d15      1%          5
 Confusing Touch          Hex            45%        N/A       3%          3
 Ignite Poison            Fire/Tmut/Pois 49%        N/A       3%          3
 Sigil of Binding         Hex            45%        N/A       3%          3
 Silence                  Hex/Air        44%        N/A       6%          5
 Orb of Destruction       Conj           61%        9d15      8%          7
 Vampiric Draining        Necr           27%        2d7       9%          3
 Passage of Golubria      Tloc           27%        N/A       26%         4
 Lehudib's Crystal Spear  Conj/Erth      58%        10d13     77%         8
 Chain Lightning          Conj/Air       70%        3d93      100%        9


Dungeon Overview and Level Annotations

Branches:
Dungeon (14/15)            Temple (0/1) D:4            Lair (5/5) D:10
  Swamp (4/4) Lair:2       Spider (1/4) Lair:3        Slime (0/5) Lair:4
    Orc (2/2) D:12            Elf (0/3) Orc:2        Vaults (0/5) D:13
 Bailey (visited)         Volcano (visited)

Shops:
D:3 [   D:8 [(:   D:10 *   D:13 !   D:14 [   Orc:1 (   Orc:2 =*[(

Annotations:
D:6 2 transporters, logorrheac's ghost, novice HOFi
Lair:4 1 runed translucent door, 2 transporters, Dasappa's ghost, journeyman MiBe; Nessos
Swamp:1 1 runed translucent door, Haichung's ghost, journeyman DgHu


Innate Abilities, Weirdness & Mutations

You have an increased reservoir of magic. (+10% MP)
You shall have no god before yourself.
Your divine heritage dramatically boosts your attributes as you level up.


Message History

The wolf spider hits you.
The wolf spider bites you but does no damage.
The tarantella touches you but does no damage.
A broodmother comes into view.
A wave of flame ripples out!
The flame wave engulfs the wolf spider!!
The wolf spider is severely wounded.
The flame wave engulfs the tarantella!
The tarantella is almost dead.
The flame wave engulfs the pharaoh ant!
The pharaoh ant is moderately damaged.
The flame wave engulfs the broodmother!
The broodmother is lightly wounded.
You finish channelling waves of flame.
You hear a faint skittering sound.
The wolf spider hits you but does no damage.
The wolf spider barely misses you. The tarantella touches you.
You are confused.
Your magical effects are unravelling.
You feel magically purged.
You feel less confused.
The wolf spider hits you but does no damage.
The wolf spider bites you but does no damage.
A wolf spider comes into view.
The pharaoh ant bites you!
You feel drained. The tarantella barely misses you. The pharaoh ant bites you!!
* * * LOW HITPOINT WARNING * * *
You feel drained.
* * * LOW HITPOINT WARNING * * *
The tarantella touches you.
* * * LOW HITPOINT WARNING * * *
You are confused.
The wolf spider moves out of view.
Your magical effects are unravelling.
You feel magically purged.
You feel less confused. The pharaoh ant bites you!!
* * * LOW HITPOINT WARNING * * *
You feel drained.
You die...

# .
.####
##....#
s....
###Bs#
#.@s#
#†s..#
#..#.#
.#.###
#..##
... #^
# ..


You could see a broodmother, a wolf spider, a pharaoh ant, a tarantella and a
redback.

Vanquished Creatures
  3 thorn hunters (Swamp:4)
  Kirke (Swamp:1)
  A fenstrider witch (Swamp:4)
  4 orc warlords
  2 vampire knights (Swamp:4)
  2 green draconians (Swamp:3)
  6 eleionomae
  Snorg (Orc:2)
  A bunyip (Swamp:3)
  Josephine (Swamp:1)
  A shambling mangrove (Swamp:3)
  Fannar (D:10)
  Harold (Lair:1)
  17 hydras
  Erica (Orc:1)
  7 alligators
  3 centaur warriors
  7 two-headed ogres
  4 boulder beetles
  A catoblepas (Lair:4)
  3 orc high priests (Orc:2)
  A deep elf knight (D:13)
  11 spriggans (Swamp:2)
  A hell knight (Volcano)
  Amaemon (D:11)
  3 goliath frogs
  12 swamp dragons
  4 spriggan druids
  2 spectral hydras (Swamp:4)
  A wizard (D:13)
  4 bog bodies
  A deep elf archer (D:13)
  A death drake (Swamp:2)
  Pikel (D:6)
  A lindwurm (Lair:3)
  A necromancer (D:13)
  5 orc knights
  9 ugly things
  A wolf spider (Lair:3)
  4 orc sorcerers (Orc:2)
  3 oklob plants (Swamp:4)
  6 cyclopes
  2 will-o-the-wisps
  2 manticores
  8 elephants
  3 gargoyles
  5 black mambas
  An orange demon (D:11)
  An unseen horror (D:11)
  10 cane toads
  2 yaktaurs (Volcano)
  A freezing wraith (Swamp:4)
  A rime drake (Lair:3)
  A tengu conjurer (D:12)
  5 hydra zombies (Swamp:4)
  5 komodo dragons
  4 death drake zombies (Swamp:4)
  A polar bear (Lair:3)
  9 trolls
  A bloated husk (Swamp:2)
  A hydra skeleton (Swamp:4)
  11 hornets
  2 tarantellas (Spider:1)
  7 tyrant leeches
  14 blink frogs
  4 jumping spiders
  2 culicivoras
  4 slime creatures (D:12)
  A shadow (D:12)
  6 wraiths
  3 wyverns
  A vampire (D:13)
  8 fire bats (Volcano)
  47 yaks
  3 basilisks
  2 hogs (Swamp:1)
  13 vampire mosquitoes
  5 redbacks
  3 steam dragons
  Menkaure (D:5)
  2 wargs
  16 swamp worms
  9 water moccasins
  An acid dragon (D:14)
  4 hydra simulacra (Swamp:4)
  7 swamp drakes
  A sky beast (D:8)
  3 ice beasts
  3 black bears
  49 orc warriors
  3 ogres
  12 wolves
  A phantom (D:6)
  6 centaurs
  4 lemures (D:6)
  A swamp dragon skeleton (Swamp:4)
  13 bullfrogs
  4 scorpions
  17 wights
  6 killer bees (D:8)
  9 lava snakes (Volcano)
  5 howler monkeys (D:9)
  A jelly (D:6)
  28 orc priests
  4 hounds
  Crazy Yiuf (D:6)
  3 gnoll boudas
  27 orc wizards
  2 sleepcaps (D:8)
  6 iguanas
  7 hell rats
  12 adders
  14 gnolls
  A shadow imp (D:8)
  2 white imps (D:8)
  2 ufetubi (D:6)
  4 dart slugs
  2 worms
  92 orcs
  4 ball pythons
  6 bats
  5 endoplasms
  A giant cockroach (D:3)
  11 goblins
  7 hobgoblins
  3 jackals (D:2)
  2 quokkas (D:2)
  4 frilled lizards
  15 kobolds
  6 rats
789 creatures vanquished.

Vanquished Creatures (collateral kills)
  4 ball lightnings
4 creatures vanquished.

Vanquished Creatures (others)
  An unseen horror (D:11)
  A bloated husk (Swamp:3)
  204 ball lightnings
  256 foxfires
462 creatures vanquished.

Grand Total: 1255 creatures vanquished

Notes
Turn   | Place    | Note
-------+----------+-------------------------------------------
     0 | D:1      | Spaninq the Demigod Fire Elementalist began the quest for
                  | the Orb.
     0 | D:1      | Reached XP level 1. HP: 14/14 MP: 5/5
    17 | D:1      | Reached skill level 1 in Conjurations
   311 | D:1      | Reached XP level 2. HP: 20/20 MP: 4/7
   314 | D:1      | Learned a level 2 spell: Scorch
  1333 | D:2      | Reached XP level 3. HP: 26/26 MP: 3/8
  1737 | D:2      | Reached skill level 2 in Conjurations
  2205 | D:3      | Identified the +1 ring mail "Capsahi" {rElec rF+ Str+5}
  2250 | D:3      | Found Ejaczud's Antique Armour Boutique.
  3103 | D:3      | Reached XP level 4. HP: 33/33 MP: 4/10
  3429 | D:4      | Found a staircase to the Ecumenical Temple.
  3436 | D:4      | Noticed a black bear
  3445 | D:4      | Killed a black bear
  3446 | D:4      | Reached skill level 3 in Conjurations
  3446 | D:4      | Reached XP level 5. HP: 38/38 MP: 3/11
  3895 | D:5      | Entered Level 5 of the Dungeon
  3900 | D:5      | Noticed an ogre
  3905 | D:5      | Killed an ogre
  3906 | D:5      | Reached XP level 6. HP: 45/45 MP: 6/13
  3908 | D:5      | Learned a level 1 spell: Slow
  4336 | D:5      | Reached skill level 4 in Conjurations
  4336 | D:5      | Reached skill level 5 in Fire Magic
  4561 | D:5      | Reached XP level 7. HP: 51/51 MP: 6/15
  4632 | D:5      | Noticed Menkaure
  4635 | D:5      | Killed Menkaure
  4636 | D:5      | Reached skill level 1 in Fighting
  4636 | D:5      | Reached skill level 1 in Hexes
  5372 | D:6      | Noticed Pikel
  5545 | D:6      | Killed Pikel
  5546 | D:6      | Reached XP level 8. HP: 61/61 MP: 0/18
  5683 | D:6      | Noticed a queen bee
  5691 | D:6      | Noticed logorrheac's ghost (novice HOFi)
  5692 | D:6      | Found a transporter.
  5696 | D:6      | Found a transporter.
  5698 | D:6      | Noticed a hornet
  5846 | D:6      | Reached skill level 5 in Spellcasting
  6019 | D:6      | Learned a level 4 spell: Flame Wave
  6365 | D:6      | Found a runed translucent door.
  6366 | D:6      | Noticed Crazy Yiuf
  6374 | D:6      | Killed Crazy Yiuf
  6626 | D:7      | Identified 2 scrolls of acquirement
  6626 | D:7      | Acquired the staff "Hiedweshru" {Fly Int+3 Dex-4 Conj Air}
  6632 | D:7      | Acquired Xucw's Grimoire of Blows
  6636 | D:7      | Learned a level 1 spell: Shock
  6642 | D:7      | Learned a level 5 spell: Freezing Cloud
  6944 | D:7      | Reached skill level 1 in Ice Magic
  6944 | D:7      | Reached skill level 1 in Air Magic
  7114 | D:7      | Reached XP level 9. HP: 69/70 MP: 7/21
  7231 | D:7      | Paralysed by a hornet for 2 turns
  7698 | D:7      | Reached skill level 5 in Conjurations
  9136 | D:8      | Found Evoph's Book Emporium.
  9457 | D:8      | Found Haxzadih's Antique Armour Emporium.
  9833 | D:8      | Found Tuneut's Weapon Shoppe.
 10001 | D:9      | Noticed a two-headed ogre
 10006 | D:9      | Killed a two-headed ogre
 10007 | D:9      | Reached XP level 10. HP: 53/80 MP: 12/23
 10008 | D:9      | Noticed a two-headed ogre
 10114 | D:9      | Paralysed by a hornet for 1 turns
 10118 | D:9      | Reached skill level 6 in Conjurations
 10605 | D:9      | Reached skill level 5 in Ice Magic
 10605 | D:9      | Reached skill level 5 in Air Magic
 10969 | D:9      | Reached skill level 5 in Fighting
 11336 | D:9      | Killed a two-headed ogre
 11337 | D:9      | Reached skill level 7 in Conjurations
 11627 | D:10     | Entered Level 10 of the Dungeon
 11633 | D:10     | Found a flagged portal.
 11641 | Bailey   | Entered a bailey
 11694 | Bailey   | Noticed an orc warlord
 12011 | Bailey   | Found a runed translucent gate.
 12013 | Bailey   | Found a runed translucent gate.
 12014 | Bailey   | Found a runed translucent gate.
 12220 | Bailey   | Killed an orc warlord
 12221 | Bailey   | Reached XP level 11. HP: 88/88 MP: 8/25
 12294 | Bailey   | Identified the +10 battleaxe of Past Mistakes {heavy,
                  | Fragile rF++ rN+}
 12340 | D:10     | Noticed a two-headed ogre
 12349 | D:10     | Killed a two-headed ogre
 12426 | D:9      | Reached skill level 10 in Spellcasting
 12426 | D:9      | Reached XP level 12. HP: 94/94 MP: 25/30
 12434 | D:9      | Learned a level 6 spell: Bombard
 12552 | D:10     | Found Annoff's Assorted Antiques.
 12749 | D:10     | Noticed Fannar
 12755 | D:10     | Killed Fannar
 13075 | D:10     | Found a staircase to the Lair.
 13132 | Lair:1   | Entered Level 1 of the Lair of Beasts
 13273 | Lair:1   | Found a dark tunnel.
 13386 | Volcano  | Entered a volcano
 13402 | Volcano  | Learned a level 3 spell: Stone Arrow
 13445 | Volcano  | Reached skill level 8 in Conjurations
 13621 | Volcano  | Noticed a centaur warrior
 13625 | Volcano  | Killed a centaur warrior
 14076 | Lair:1   | Reached skill level 9 in Conjurations
 14154 | Lair:1   | Reached skill level 1 in Earth Magic
 15274 | Lair:1   | Reached XP level 13. HP: 104/104 MP: 7/32
 15720 | Lair:2   | Noticed Harold
 15732 | Lair:1   | Killed Harold
 16463 | Lair:2   | Reached skill level 10 in Conjurations
 17197 | Lair:2   | Found a staircase to the Swamp.
 17829 | Lair:3   | You are sucked into a shaft and drop 2 floors!
 17829 | Lair:5   | Entered Level 5 of the Lair of Beasts
 18134 | Lair:3   | Reached skill level 5 in Earth Magic
 19215 | Lair:3   | Found a hole to the Spider Nest.
 20004 | Lair:4   | Noticed Nessos
 20405 | Lair:4   | Reached skill level 11 in Conjurations
 20953 | Lair:4   | Found a runed translucent door.
 20977 | Lair:4   | Found a transporter.
 20990 | Lair:4   | Noticed an acid blob
 20991 | Lair:4   | Noticed an acid blob
 20992 | Lair:4   | Found a staircase to the Slime Pits.
 20992 | Lair:4   | Noticed an acid blob
 20994 | Lair:4   | Found a transporter.
 20995 | Lair:4   | Noticed Dasappa's ghost (journeyman MiBe)
 21762 | D:11     | Noticed Amaemon
 21771 | D:11     | Killed Amaemon
 22205 | D:11     | Reached skill level 1 in Shields
 23085 | D:12     | Reached XP level 14. HP: 115/115 MP: 4/34
 23255 | D:12     | Found a staircase to the Orcish Mines.
 24337 | Orc:1    | Entered Level 1 of the Orcish Mines
 24445 | Orc:1    | Noticed Erica
 24449 | Orc:1    | Killed Erica
 24451 | Orc:1    | Noticed an orc warlord
 24601 | Orc:1    | Killed an orc warlord
 24988 | Orc:1    | Found Hotyon's Weapon Emporium.
 25314 | Orc:1    | Learned a level 6 spell: Conjure Ball Lightning
 25315 | Orc:2    | Entered Level 2 of the Orcish Mines
 25555 | Orc:2    | Noticed an orc warlord
 25564 | Orc:2    | Killed an orc warlord
 25864 | Orc:2    | Noticed Snorg
 25872 | Orc:2    | Killed Snorg
 26009 | Orc:2    | Noticed an orc warlord
 26014 | Orc:2    | Killed an orc warlord
 26243 | Orc:2    | Reached skill level 12 in Conjurations
 27255 | Orc:2    | Found a staircase to the Elven Halls.
 27880 | Orc:2    | Found Asikk's General Store.
 27881 | Orc:2    | Found Weqyr's Jewellery Emporium.
 27883 | Orc:2    | Found Titiept's Antique Armour Shoppe.
 27883 | Orc:2    | Found Yjuseot's Antique Weapon Shoppe.
 27900 | Orc:2    | Bought a potion of magic for 104 gold pieces
 27900 | Orc:2    | Bought 2 potions of heal wounds for 130 gold pieces
 27908 | Orc:2    | Bought a glowing orb for 348 gold pieces
 28029 | D:13     | Found Wumin's Distillery.
 28454 | D:13     | Bought a potion of magic for 88 gold pieces
 28454 | D:13     | Bought a potion of mutation for 88 gold pieces
 28454 | D:13     | Bought a potion of heal wounds for 55 gold pieces
 29291 | D:13     | Found a gate to the Vaults.
 29483 | D:14     | Found Vujiepsom's Armour Emporium.
 29496 | D:14     | Bought the +1 cloak of Failure {Fly Int+4} for 351 gold
                  | pieces
 30615 | D:14     | Reached XP level 15. HP: 123/124 MP: 22/36
 30926 | Orc:2    | Bought a ring of poison resistance for 260 gold pieces
 31111 | Swamp:1  | Entered Level 1 of the Swamp
 31302 | Swamp:1  | Noticed Josephine
 31307 | Swamp:1  | Killed Josephine
 31785 | Swamp:1  | Found a runed translucent door.
 31812 | Swamp:1  | Noticed Haichung's ghost (journeyman DgHu)
 31813 | Swamp:1  | Noticed a thorn hunter
 31813 | Swamp:1  | Identified the +0 trident of Fedhas's Grace {protect, rCorr
                  | Int+3 Dex+3 Stlth-}
 31839 | Swamp:1  | Noticed Kirke
 31845 | Swamp:1  | Killed Kirke
 31961 | Swamp:1  | Reached skill level 13 in Conjurations
 32633 | Swamp:2  | Reached skill level 5 in Shields
 33913 | Swamp:2  | You are sucked into a shaft and drop 1 floor!
 35716 | Swamp:3  | Reached skill level 1 in Armour
 36446 | Swamp:3  | Identified the +5 shortbow of Zikkefybb {flame, +Blink Fly}
 36669 | Swamp:4  | Entered Level 4 of the Swamp
 36681 | Swamp:4  | Reached skill level 10 in Fighting
 37116 | Swamp:4  | Noticed a fenstrider witch
 37119 | Swamp:4  | Killed a fenstrider witch
 38303 | Swamp:4  | HP: 5/126 [seven-headed hydra simulacrum (16)]
 39140 | Swamp:4  | Reached XP level 16. HP: 134/134 MP: 24/37
 39880 | Swamp:4  | Reached skill level 10 in Earth Magic
 39980 | Swamp:4  | Reached skill level 10 in Air Magic
 40616 | Swamp:4  | Identified the +0 robe "Udohilon" {rElec}
 40783 | Swamp:4  | Got a decaying rune of Zot
 40938 | Spider:1 | Entered Level 1 of the Spider Nest
 41037 | Lair:3   | Upgraded the game from 0.31-a0-879-g1609e0ac53 to
                  | 0.31-a0-881-ge136f0c47a
 41046 | Spider:1 | HP: 3/127 [pharaoh ant (23)]
 41046 | Spider:1 | Mangled by a pharaoh ant

Illustrated notes

Levels and vault maps discovered:
D:1:      dpeg_arrival_stone_temple_mockup, layout_loops_cross, serial_aquarium,
          aquarium_bridge_square [aquarium_subvault_window,
          aquarium_subvault_window, aquarium_subvault_bridge,
          aquarium_subvault_wall], aquarium_window_1, aquarium_window_2,
          aquarium_view_2f, aquarium_pool_four
D:2:      layout_loops_ring
D:3:      layout_loops_ring, serial_shops, nicolae_shop_stone,
          chequers_big_river, minmay_large_rounded_square
D:4:      layout_cave_pools, mainiacjoe_overflow_alcove_4,
          mainiacjoe_overflow_small_starburst, minmay_temple_entry_offerings
D:5:      layout_gridville, kennysheep_generic_room_16, uniq_menkaure
D:6:      layout_basic, fedhas_altar_1, gammafunk_ghost_hive,
          grunt_decor_one_mirror, uniq_crazy_yiuf_cottage, uniq_pikel
D:7:      layout_basic
D:8:      layout_loops_ring, nicolae_ru_awakened_eye, nicolae_vehumet_radiance,
          chequers_temple_overflow_statue_of_worship, serial_shops, shop,
          nicolae_shop_just_a_little_nook, shop, serial_aquarium,
          aquarium_bridge_straight [aquarium_subvault_bridge,
          aquarium_subvault_wall, aquarium_subvault_bridge,
          aquarium_subvault_wall], aquarium_window_2, aquarium_window_corner,
          aquarium_view_2d, aquarium_balcony_double_3
D:9:      layout_roguey, minivault_25, grunt_decor_resistance,
          grunt_ministairs_12
D:10:     layout_loops_ring, grunt_qazlal_clouds, lair_entry_dummy,
          serial_shops, nicolae_shop_crystal, enter_bailey_2,
          serial_bayou_pond_e, uniq_fannar
D:11:     layout_long_grid, uniq_amaemon
D:12:     layout_rooms, david_orc_4
D:13:     layout_cross, david_vaults_1, serial_shops, nicolae_stop_n_shop_2,
          beargit_elvish_explorers
D:14:     layout_grid_maze, serial_shops, shop, lemuel_blue_sif_altar
Lair:1:   minmay_lair_venomous_thicket, layout_cave_pods,
          nicolae_volcano_entry_s_turn, chequers_serial_rivers_small_a
Lair:2:   layout_cave_pods, skrybe_swamp_entry_bodies, grunt_megastairs_2,
          serial_bayou_shore_a, uniq_harold
Lair:3:   layout_small_grid, spider_nest_entry_funnel_web
Lair:4:   layout_regular_city, slime_entry_2, serial_forest,
          infiniplex_forest_clump_long, infiniplex_forest_clump_curved,
          infiniplex_forest_clump_large, infiniplex_forest_straight_4,
          infiniplex_forest_lined_3, infiniplex_forest_straight_3,
          infiniplex_forest_clump_C, gammafunk_ghost_wrathful_warriors,
          uniq_nessos
Lair:5:   minmay_lair_end_frog_pond, layout_cave_pods,
          kennysheep_abandoned_house, lemuel_fruit_tree
Swamp:1:  layout_basic_swamp, ebering_ghost_funeral_grove,
          nicolae_swamp_tree_isthmus, swamp_pool4, uniq_josephine, uniq_kirke
Swamp:2:  layout_basic_swamp, hangedman_swamp_blocks
Swamp:3:  nicolae_swamp_wrong_neighborhood, layout_basic_swamp,
          hangedman_swamp_cone, hangedman_swamp_dais
Swamp:4:  byrel_swamp_growth_death_and_undeath, layout_basic_swamp, swamp_pool5,
          nicolae_swamp_small_spring
Spider:1: layout_spider_delve, uniq_frances, uniq_donald
Orc:1:    layout_diamond_mine, serial_shops, nicolae_shop_waterfront, uniq_erica
Orc:2:    st_orc_congregation, layout_caves, basic_altar, uniq_snorg

Skill      XL: |  1  2  3  4  5  6  7  8  9 10 11 12 13 14 15 16 |
---------------+-------------------------------------------------+-----
Conjurations   | 1 2 3 4 5 7 9 11 12 13 | 13.9
Fire Magic     | 3 4 5 6 7 |  7.3
Spellcasting   | 2 3 4 5 6 10 11 12 | 12.7
Fighting       | 2 3 4 5 6 8 9 10 | 10.5
Hexes          | 2 |  2.0
Ice Magic      | 1 4 6 7 |  7.0
Air Magic      | 1 4 6 7 8 9 10 | 10.2
Earth Magic    | 3 6 8 9 10 | 10.3
Shields        | 1 4 5 |  5.0
Dodging        | 2 |  2.3
Armour         | 1 |  1.1
Stealth        | |  1.7

Action                     |  1- 3 |  4- 6 |  7- 9 | 10-12 | 13-15 | 16-18 || total
---------------------------+-------+-------+-------+-------+-------+-------++-------
  Melee: Quarterstaff      |     4 |       |       |       |       |       ||     4
         Whip              |       |       |     2 |       |       |       ||     2
         Staff             |       |       |       |     4 |       |       ||     4
   Cast: Foxfire           |    49 |    34 |    62 |     2 |     1 |       ||   148
         Scorch            |    26 |    20 |   119 |   147 |    54 |       ||   366
         Flame Wave        |       |       |    10 |    13 |    13 |     3 ||    39
         Shock             |       |       |     2 |       |       |       ||     2
         Slow              |       |       |     2 |     1 |     2 |       ||     5
         Freezing Cloud    |       |       |       |    22 |   112 |     9 ||   143
         Stone Arrow       |       |       |       |    58 |   252 |       ||   310
         Bombard           |       |       |       |       |   156 |    11 ||   167
         Conjure Ball Ligh |       |       |       |       |    66 |    18 ||    84
  Evoke: Wand              |       |       |       |       |     3 |       ||     3
    Use: Scroll            |       |       |    16 |     4 |    13 |       ||    33
         Potion            |       |       |       |     4 |     1 |     2 ||     7
 Armour: Robe              |    11 |       |       |       |       |       ||    11
         Ring mail         |     4 |     8 |    49 |   102 |   330 |    65 ||   558
  Dodge: Dodged            |    15 |    10 |    39 |    48 |   106 |    12 ||   230
  Block: Other             |     7 |       |    23 |    29 |    48 |       ||   107
         Reflection        |       |       |       |     5 |    15 |     3 ||    23
         Buckler           |       |       |       |       |    23 |     9 ||    32

Table legend: (Time is in decaauts)
 A = Elapsed time spent in this place.
 B = Non-inter-level travel time spent in this place.
 C = Inter-level travel time spent in this place.
 D = Time resting spent in this place.
 E = Time spent auto-exploring this place.
 F = Levels seen in this place.
 G = Mean time per level.
                   A        B        C        D        E       F      G
               +--------+--------+--------+--------+--------+-----+--------+
         Total |  41139 |  38681 |   2458 |  15002 |  16921 |  28 | 1469.2 |
       Dungeon |  19088 |  17812 |   1276 |   4518 |  10852 |  14 | 1363.4 |
          Lair |   8428 |   7740 |    688 |   3135 |   3279 |   5 | 1685.6 |
         Swamp |   9099 |   8749 |    350 |   5262 |   1980 |   4 | 2274.8 |
   Spider Nest |     10 |     10 |      0 |      0 |      0 |   1 |   10.0 |
  Orcish Mines |   3429 |   3288 |    141 |   1837 |    725 |   2 | 1714.5 |
        Bailey |    670 |    670 |      0 |    178 |      0 |   1 |  670.0 |
       Volcano |    413 |    413 |      0 |     72 |     85 |   1 |  413.0 |
               +--------+--------+--------+--------+--------+-----+--------+

Top non-repeatable levels by time:
 Swamp:3: 2885 daAuts
  Lair:3: 2694 daAuts
 Swamp:4: 2687 daAuts
    D:12: 2547 daAuts
  Lair:1: 2452 daAuts
  Lair:2: 2225 daAuts
   Orc:1: 2152 daAuts
     D:7: 1937 daAuts
     D:6: 1913 daAuts
 Swamp:1: 1848 daAuts
 Swamp:2: 1677 daAuts
     D:8: 1668 daAuts
    D:11: 1532 daAuts
     D:9: 1428 daAuts
   Orc:2: 1277 daAuts
